[Event "*** Titled Tuesday Blitz"]
[Site "Chess.com"]
[Date "2020.05.12"]
[Round "2"]
[White "shav3184"]
[Black "A-Fier"]
[Result "0-1"]
[WhiteElo "2334"]
[BlackElo "2760"]
[TimeControl "180+1"]
[EndTime "10:17:01 PDT"]
[Termination "A-Fier won by resignation"]

1. e4 c5 2. Nf3 e6 3. d4 cxd4 4. Nxd4 Nf6 5. Nc3 d6 6. g3 Nc6 7. Bg2 Bd7 8. O-O Be7 9. Be3 O-O 10. Re1 a6 11. Qd2 Qc7 12. Rad1 b5 13. a3 Ne5 14. b3 Neg4 15. Bg5 h6 16. Bxf6 Nxf6 17. e5 dxe5 18. Bxa8 exd4 19. Qxd4 Rxa8 20. Ne4 Bc6 21. Nxf6+ Bxf6 22. Qe3 Bd5 23. c4 bxc4 24. bxc4 Qxc4 25. Rc1 Qd4 26.
Qxd4 Bxd4 27. Re2 Rb8 28. Rd2 e5 29. Kf1 Rb3 30. f4 Be3 31. Rc8+ Kh7 32. Rxd5 exf4 33.
gxf4 Rxa3 34. f5 Bg5 35. Ra8 Bf6 36. Rc5 h5 37. Rc6 Rf3+ 38. Kg2 Rxf5 39. Rcxa6 Kg6 40. Rc6 h4 41. Rc7 Be5 42. Rd7 Rg5+ 43. Kh3 f5 44. Ra6+ Kh5 45. Rd8 Rg4 46. Rh8+ Kg5 47. Rhh6 gxh6 0-1

[Event "*** Titled Tuesday Blitz"]
[Site "Chess.com"]
[Date "2020.05.12"]
[Round "2"]
[White "hongnhung1234"]
[Black "fyall777"]
[Result "1-0"]
[WhiteElo "2243"]
[BlackElo "2440"]
[TimeControl "180+1"]
[EndTime "10:17:02 PDT"]
[Termination "hongnhung1234 won on time"]

1. e4 c5 2. Nc3 Nc6 3. f4 e6 4. Nf3 d5 5. Bb5 d4 6. Bxc6+ bxc6 7. Na4 c4 8. b3 Ba6 9. Ne5 cxb3 10. axb3 Bb5 11. d3 Bd6 12. O-O Ne7 13. Bb2 Bxe5 14. fxe5 Ng6 15. Qg4 O-O 16. Qg3 Rc8 17. Nc5 h5 18. Nxe6 h4 19. Qxg6 fxg6 20. Nxd8 Rxf1+ 21. Kxf1 Rxd8 22. Rxa7 g5 23. e6 g4 24. e7 Re8 25.
Bxd4 Kf7 26. Bc5 1-0

[Event "*** Titled Tuesday Blitz"]
[Site "Chess.com"]
[Date "2020.05.12"]
[Round "2"]
[White "MPGM"]
[Black "GMSrinath"]
[Result "0-1"]
[WhiteElo "2526"]
[BlackElo "2815"]
[TimeControl "180+1"]
[EndTime "10:17:03 PDT"]
[Termination "GMSrinath won by checkmate"]

1. d4 Nf6 2. c4 e6 3. Nf3 d5 4.
g3 dxc4 5. Bg2 a6 6. O-O Nc6 7. e3 Rb8 8. Nfd2 e5 9. Bxc6+ bxc6 10. dxe5 Ng4 11. Nxc4 Be6 12. Nbd2 Bb4 13. b3 h5 14. h3 Bc3 15. Ba3 Bxa1 16. Qxa1 h4 17. hxg4 hxg3 18. Kg2 Rh2+ 19. Kf3 Qh4 20. Qd4 Rd8 21. Qf4 g2 22.
Rg1 g5 23. Qg3 Rh3 24. Rxg2 Qxg4# 0-1

[Event "*** Titled Tuesday Blitz"]
[Site "Chess.com"]
[Date "2020.05.12"]
[Round "2"]
[White "ARMQUEEN"]
[Black "GeorgMeier"]
[Result "0-1"]
[WhiteElo "2347"]
[BlackElo "3021"]
[TimeControl "180+1"]
[EndTime "10:17:03 PDT"]
[Termination "GeorgMeier won by checkmate"]

1. e4 e6 2. d4 d5 3. Bd3 dxe4 4. Bxe4 Nf6 5. Bf3 c5 6. Ne2 Be7 7. Be3 O-O 8. dxc5 Qxd1+ 9. Kxd1 Rd8+ 10. Kc1 Na6 11. c6 Nd5 12. cxb7 Bxb7 13. Nd2 Rac8 14.
Bxa7 Nab4 15. c4 Bg5 16. b3 Nd3+ 17. Kb1 Bxd2 18. cxd5 Nb4 19. Rd1 Bg5 20. a3 Nxd5 21. Bd4 Ba6 22. Ka2 Bxe2 23. Bxe2 Rc2+ 24. Bb2 Nc3# 0-1

[Event "*** Titled Tuesday Blitz"]
[Site "Chess.com"]
[Date "2020.05.12"]
[Round "2"]
[White "Kavyev_Ruslan"]
[Black "YaWaleriy"]
[Result "1-0"]
[WhiteElo "2461"]
[BlackElo "2235"]
[TimeControl "180+1"]
[EndTime "10:17:04 PDT"]
[Termination "Kavyev_Ruslan won by checkmate"]

1. d4 d5 2. c4 e6 3. Nf3 Nf6 4. g3 Be7 5. Bg2 O-O 6. Nc3 c6 7. O-O Nbd7 8. Qc2 b6 9. e4 Bb7 10.
Rd1 Rc8 11. b3 Qc7 12. Bb2 dxc4 13. bxc4 c5 14. d5 exd5 15. cxd5 a6 16. a4 c4 17. Qe2 Ng4 18. Nd4 Nge5 19. Nf5 Bc5 20. d6 Qd8 21. Ne7+ Kh8 22. Nxc8 Qxc8 23. Nd5 Nd3 24. Bc3 Bxd5 25. exd5 Bxd6 26. Bd4 N7c5 27. Rab1 Qc7 28. Qg4 f6 29. h4 Rb8 30. h5 b5 31. h6 Nxa4 32.
Be4 Nac5 33. Qf5 Nxe4 34. Qxe4 Be5 35. hxg7+ Kxg7 36. Be3 Qd6 37. Kg2 Qd7 38. Rh1 f5 39. Qh4 Kh8 40. f3 Rg8 41. Bg5 Qf7 42. d6 Bxd6 43.
Bf6+ Rg7 44. Qxh7# 1-0

[Event "*** Titled Tuesday Blitz"]
[Site "Chess.com"]
[Date "2020.05.12"]
[Round "2"]
[White "Pudor"]
[Black "BelaKis"]
[Result "1-0"]
[WhiteElo "2396"]
[BlackElo "2081"]
[TimeControl "180+1"]
[EndTime "10:17:04 PDT"]
[Termination "Pudor won on time"]

1. d4 Nf6 2. c4 g6 3. Nc3 Bg7 4. e4 d6 5. Nf3 O-O 6. Be2 e5 7. O-O Nc6 8. d5 Ne7 9. Ne1 Ne8 10. Nd3 f5 11. Bd2 Nf6 12. f3 f4 13.
g4 h5 14. h3 g5 15. Kg2 Ng6 16. Be1 Rf7 17. Bf2 Bf8 18. Rh1 Rh7 19. Qc2 c5 20. a3 b6 21. b4 a5 22. Rab1 Raa7 23. bxc5 bxc5 24. Rb8 Qc7 25. Qb3 Rb7 26. Rxb7 Qxb7 27.
Qxb7 Rxb7 28. Nb5 hxg4 29. hxg4 Bd7 30. a4 Bxb5 31. cxb5 Be7 32. Nb2 Nd7 33. Nc4 Ra7 34. Rb1 Kf7 35. Be1 Ke8 36. Bxa5 1-0

[Event "*** Titled Tuesday Blitz"]
[Site "Chess.com"]
[Date "2020.05.12"]
[Round "2"]
[White "Radzio1987"]
[Black "LLRChess"]
[Result "1-0"]
[WhiteElo "2880"]
[BlackElo "2552"]
[TimeControl "180+1"]
[EndTime "10:17:05 PDT"]
[Termination "Radzio1987 won by resignation"]

1. c4 e6 2. Nc3 f5 3. g3 Nf6 4. Bg2 c6 5. d4 d5 6. Nf3 Bd6 7. O-O O-O 8. Qc2 b6 9. b3 a5 10. cxd5 exd5 11. Bf4 Na6 12. Bxd6 Qxd6 13. Rac1 Ne4 14.
Ne5 c5 15. e3 Bb7 16. Rfd1 Rac8 17. Qb2 cxd4 18. exd4 f4 19. Nxe4 dxe4 20. Rxc8 Rxc8 21. d5 f3 22. Bh3 Re8 23. Nc4 Qc5 24. d6 Nb4 25. Be6+ Kh8 26. d7 Rd8 27. Ne5 e3 28. Nf7+ Kg8 29. Nxd8+ Kf8 30. Nxb7 1-0

[Event "*** Titled Tuesday Blitz"]
[Site "Chess.com"]
[Date "2020.05.12"]
[Round "2"]
[White "AnishGiri"]
[Black "DanielTitichoca"]
[Result "1-0"]
[WhiteElo "3020"]
[BlackElo "2346"]
[TimeControl "180+1"]
[EndTime "10:17:05 PDT"]
[Termination "AnishGiri won on time"]

1. e4 c5 2. Nf3 d6 3. d4 cxd4 4.
Nxd4 Nf6 5. Nc3 a6 6. Bg5 Nbd7 7.
Qe2 e6 8. g4 Qa5 9. h4 b5 10. Nb3 Qc7 11. O-O-O Be7 12. f4 Bb7 13. Bg2 h6 14. Bxf6 Bxf6 15. e5 dxe5 16. Bxb7 Qxb7 17. Ne4 O-O 18. g5 Be7 19. gxh6 g6 20. h5 Kh7 21. Qg2 Qc7 22. hxg6+ fxg6 23. Rhg1 Rg8 24. Ng5+ Bxg5 25. fxg5 Rac8 26. Rgf1 Nb6 27. Kb1 Nd5 28. Rde1 Rgf8 29. Rxf8 Rxf8 30. Nd2 Rc8 31. Ne4 b4 32. Qf2 a5 33. Rf1 1-0

[Event "*** Titled Tuesday Blitz"]
[Site "Chess.com"]
[Date "2020.05.12"]
[Round "2"]
[White "OparinGrigoriy"]
[Black "korbul"]
[Result "1/2-1/2"]
[WhiteElo "2920"]
[BlackElo "2574"]
[TimeControl "180+1"]
[EndTime "10:17:06 PDT"]
[Termination "Game drawn by agreement"]

1. Nf3 d5 2. g3 Nf6 3. Bg2 e6 4. c4 Be7 5. d4 O-O 6. Nc3 c6 7. b3 Nbd7 8. O-O b6 9. Bb2 Ba6 10. Qd3 Rb8 11. Rfd1 b5 12. c5 Qc8 13. b4 Bb7 14. a4 a5 15. axb5 axb4 16. Na2 e5 17.
Nxe5 Nxe5 18. dxe5 Nd7 19. Nxb4 Nxc5 20. Qc3 cxb5 21. Nxd5 Bxd5 22. Bxd5 Na4 23. Qxc8 Rfxc8 24. Bd4 Nc3 25. Bxc3 Rxc3 26. Ra7 Kf8 27. Be4 Rc5 28. e6 Re5 29. Bxh7 Rxe6 30. Bd3 b4 31. Bc4 Re4 32.
Rdd7 b3 33. Bd5 Rxe2 34. Rab7 Rxb7 35. Rxb7 b2 36. Kf1 Rd2 37. Rb8+ Bd8 38. Rxd8+ Ke7 39. Rb8 Rd1+ 40. Kg2 b1=Q 41. Rxb1 Rxb1 42. h4 g6 43. Be4 Rb4 44. Bf3 f5 45. Bd5 Kf6 46. Bf3 Ke5 47. Bc6 Rb6 48. Bf3 Rd6 49. Bb7 Rd4 50. f4+ Kf6 51. Bf3 Rd3 52. Kf2 Ra3 53.
Bg2 Rc3 54. Bf3 Ra3 55. Bg2 Rc3 56. Bf3 1/2-1/2

[Event "*** Titled Tuesday Blitz"]
[Site "Chess.com"]
[Date "2020.05.12"]
[Round "2"]
[White "Baby_Legs"]
[Black "Alopekos"]
[Result "1-0"]
[WhiteElo "2718"]
[BlackElo "2482"]
[TimeControl "180+1"]
[EndTime "10:17:06 PDT"]
[Termination "Baby_Legs won on time"]

1. d4 Nf6 2. c4 e6 3. Nc3 d5 4. cxd5 Nxd5 5. e4 Nxc3 6. bxc3 c5 7. Nf3 cxd4 8. cxd4 Bb4+ 9. Bd2 Bxd2+ 10. Qxd2 O-O 11.
Bc4 b6 12. O-O Bb7 13. Rfe1 Nd7 14. Rad1 Nf6 15. Bd3 Rc8 16. Qf4 Qc7 17. Qh4 h6 18.
Bb1 Rfd8 19. h3 b5 20. Re3 Qb6 21. Rb3 a5 22. d5 exd5 23. e5 Ne4 24. Nd4 b4 25.
Nf5 Rc3 26. Bxe4 Rxb3 27. axb3 g5 28. Nxh6+ Kf8 29. Qxg5 1-0

[Event "*** Titled Tuesday Blitz"]
[Site "Chess.com"]
[Date "2020.05.12"]
[Round "2"]
[White "zubridis"]
[Black "bascheyaro"]
[Result "0-1"]
[WhiteElo "2472"]
[BlackElo "2706"]
[TimeControl "180+1"]
[EndTime "10:17:06 PDT"]
[Termination "bascheyaro won by resignation"]

1. Nf3 d5 2. c4 c6 3. e3 Nf6 4. Nc3 Bf5 5. cxd5 Nxd5 6. d4 e6 7. Be2 Bd6 8. O-O O-O 9. Nd2 Bg6 10. Nc4 Bc7 11. e4 Nxc3 12. bxc3 Bxe4 13. Re1 Nd7 14.
Ne3 Nf6 15. c4 b5 16. Bb2 bxc4 17. Nxc4 Bd5 18. Qa4 Bxh2+ 19. Kxh2 Bxc4 20. Qxc4 Qb8+ 21. Kg1 Qxb2 22. Rab1 Qa3 23. Bf3 Rac8 24. Rb7 c5 25. d5 exd5 26. Bxd5 Nxd5 27. Qxd5 c4 28. Ree7 Qc1+ 29.
Kh2 Qf4+ 30. Kg1 c3 31. g3 Qf6 32. Rec7 c2 33. Qc4 Qa1+ 34. Kg2 c1=Q 0-1

[Event "*** Titled Tuesday Blitz"]
[Site "Chess.com"]
[Date "2020.05.12"]
[Round "2"]
[White "mc4chess"]
[Black "letantha"]
[Result "1-0"]
[WhiteElo "2414"]
[BlackElo "2148"]
[TimeControl "180+1"]
[EndTime "10:17:07 PDT"]
[Termination "mc4chess won by resignation"]

1. Nf3 Nf6 2. c4 e6 3. g3 Be7 4. Bg2 O-O 5. O-O d5 6. b3 c6 7. Bb2 Nbd7 8. d4 b6 9. Qc2 Bb7 10. Rd1 Rc8 11. Nc3 Qc7 12. e4 dxe4 13. Nxe4 Nxe4 14. Qxe4 c5 15. Qe2 cxd4 16. Bxd4 Bf6 17.
Rac1 Rfd8 18. Be3 h6 19. h4 Nc5 20. Bf4 Qc6 21. Ne1 Qe8 22. Bxb7 Nxb7 23. Qf3 Nc5 24. Bxh6 Rxd1 25. Rxd1 Rd8 26. Be3 Rxd1 27. Qxd1 Qc6 28. Nf3 Ne4 29. Nd4 Qb7 30. Qf3 Nc5 31. Qxb7 Nxb7 32. Nc6 a6 33. Bxb6 Kf8 34. Kf1 Ke8 35. Nb8 a5 36. Nc6 Kd7 37. Nxa5 Nd8 38. b4 e5 39. b5 Ne6 40. Be3 Bd8 41. Nb3 f5 42. a4 f4 43. Bd2 f3 44. Be3 e4 45. a5 Nc7 46. a6 Na8 47. c5 Ke6 48. b6 Kd5 49. b7 Nc7 50. b8=Q Ne6 51. Qd6+ Kc4 52. Qxe6+ 1-0

[Event "*** Titled Tuesday Blitz"]
[Site "Chess.com"]
[Date "2020.05.12"]
[Round "2"]
[White "nicolochessit"]
[Black "WonderChampion"]
[Result "1-0"]
[WhiteElo "2359"]
[BlackElo "1862"]
[TimeControl "180+1"]
[EndTime "10:17:07 PDT"]
[Termination "nicolochessit won by checkmate"]

1. d4 d5 2. Nf3 e6 3. Bg5 Be7 4. h4 Bxg5 5. hxg5 Ne7 6. Qd3 Bd7 7. Rxh7 Rg8 8. Nc3 Na6 9. a3 c5 10. e4 cxd4 11. Qxd4 dxe4 12. Nxe4 Nf5 13. Nd6+ Nxd6 14. Qxd6 Qa5+ 15. b4 Qf5 16. Bd3 Qd5 17. Qxd5 exd5 18. Bxa6 bxa6 19. O-O-O Be6 20. Nd4 O-O-O 21. g6 Rd6 22.
Re1 Rb6 23. f4 Rf8 24. Rxg7 Kd7 25. f5 Bxf5 26. Nxf5 Rxg6 27. Re7+ Kd8 28. Rxa7 Rxg7 29. Nxg7 d4 30. Ra8+ Ke7 31. Nf5+ Kf6 32. Rxf8 Kxf5 33. Rxf7+ Ke4 34. Rd7 d3 35. Rxd3 Kf4 36. a4 Kg4 37. b5 Kf4 38. bxa6 Kg4 39. a7 Kf4 40. a8=Q Kg4 41. Qg8+ Kf4 42. Qf7+ Kg4 43. Qf3+ Kg5 44. Rd5+ Kh6 45. Qf6+ Kh7 46. Rd7+ Kg8 47. Qd8# 1-0

[Event "*** Titled Tuesday Blitz"]
[Site "Chess.com"]
[Date "2020.05.12"]
[Round "2"]
[White "czasnaszachy"]
[Black "MoreChessJulia"]
[Result "1-0"]
[WhiteElo "2354"]
[BlackElo "1789"]
[TimeControl "180+1"]
[EndTime "10:17:07 PDT"]
[Termination "czasnaszachy won by checkmate"]

1. d4 c6 2. c4 d6 3. Nc3 g6 4.
e4 Bg7 5. f3 Nd7 6. Be3 e5 7.
d5 c5 8. g4 a6 9. Qd2 h5 10.
O-O-O Ne7 11. h4 Nf8 12. Be2 Bd7 13. Kb1 Rb8 14. gxh5 Rxh5 15. f4 Rh7 16. Nf3 b5 17. Rdf1 bxc4 18. Bxc4 exf4 19. Bxf4 Nc8 20. Ng5 Qa5 21. Rf3 Rh8 22. Bg3 f6 23. Ne6 Nxe6 24.
dxe6 Bb5 25. Bxb5+ Rxb5 26. Bxd6 f5 27. Bxc5 Rxb2+ 28.
Kxb2 Qxc5 29. Qd7+ Kf8 30. Qf7# 1-0

[Event "*** Titled Tuesday Blitz"]
[Site "Chess.com"]
[Date "2020.05.12"]
[Round "2"]
[White "GuerrieroFromLevant"]
[Black "HunterBRR"]
[Result "1-0"]
[WhiteElo "2383"]
[BlackElo "2026"]
[TimeControl "180+1"]
[EndTime "10:17:08 PDT"]
[Termination "GuerrieroFromLevant won on time"]

1. e4 c5 2. Nf3 Nc6 3. Bb5 g6 4. O-O Bg7 5. Re1 Nf6 6. c3 O-O 7. d4 cxd4 8. cxd4 d6 9. h3 Bd7 10. Nc3 a6 11. Bf1 e5 12. d5 Nd4 13. Nxd4 exd4 14.
Qxd4 Re8 15. Bg5 h6 16. Bh4 g5 17. Bg3 Nxe4 18. Qd3 Nxg3 19. Qxg3 Be5 20. Qf3 Rc8 21. Bd3 Kg7 22. Be4 Bxc3 23. bxc3 Qf6 24. Qxf6+ Kxf6 25. Re3 Rc4 26. f3 Rexe4 27. fxe4 Ke5 28. Rf1 f6 29. Ref3 Rxe4 30. Rxf6 Kxd5 31. Rxh6 Bb5 32. Rff6 Re1+ 33. Kh2 Rc1 34. Rxd6+ Kc5 35. Rdg6 Rxc3 36. Rxg5+ Kb4 37. Rh4+ Ka3 38. Rg3 1-0

[Event "*** Titled Tuesday Blitz"]
[Site "Chess.com"]
[Date "2020.05.12"]
[Round "2"]
[White "yamalchess"]
[Black "LittlePeasant"]
[Result "0-1"]
[WhiteElo "2507"]
[BlackElo "2758"]
[TimeControl "180+1"]
[EndTime "10:17:09 PDT"]
[Termination "LittlePeasant won on time"]

1. d4 Nf6 2. c4 c5 3. d5 b5 4.
cxb5 a6 5. Nc3 axb5 6. e4 Qa5 7.
e5 Ne4 8. Qf3 Nxc3 9. Bd2 Bb7 10. bxc3 c4 11. Nh3 e6 12. Ng5 Bxd5 13. Qxf7+ Kd8 14.
Be2 Nc6 15. Qf4 Kc7 16. O-O Be7 17. a4 bxa4 18. Ne4 Rhf8 19. Qe3 Nxe5 20. Qd4 Nc6 21. Qe3 a3 22. Qg3+ d6 23. Bf3 Bxe4 24. Bxe4 Qe5 25. Qe3 d5 26. Rfb1 Qxe4 27. Qb6+ Kd6 28. Be3 Rfb8 29. Bc5+ Kd7 0-1

[Event "*** Titled Tuesday Blitz"]
[Site "Chess.com"]
[Date "2020.05.12"]
[Round "2"]
[White "Godzillator"]
[Black "HanSchut"]
[Result "1-0"]
[WhiteElo "2441"]
[BlackElo "2204"]
[TimeControl "180+1"]
[EndTime "10:17:10 PDT"]
[Termination "Godzillator won by resignation"]

1. d4 Nf6 2. c4 g6 3. Nc3 d5 4. Nf3 Bg7 5. h4 dxc4 6. e4 c5 7. d5 e6 8. Bxc4 exd5 9. exd5 O-O 10. Bg5 Bg4 11. Kf1 Nbd7 12. Be2 h6 13. Be3 Rc8 14.
Qd2 Kh7 15. Rd1 Re8 16. Bd3 Ne5 17. Nxe5 Rxe5 18. Re1 Nxd5 19. h5 Nxe3+ 20. Rxe3 Rxe3 21. hxg6+ fxg6 22. Qxe3 Qd4 23. Qe4 Bf5 24. Qxd4 cxd4 25. Bxf5 dxc3 26. Bxc8 c2 27. Ke2 Bxb2 28. Kd2 c1=Q+ 29.
Rxc1 Bxc1+ 30. Kxc1 b6 31. Kd2 Kg7 32. Kc3 Kf6 33.
Kc4 Ke5 34. Kb5 Kd6 35. Ka6 Kc7 36. Be6 Kd6 37. Bf7 g5 38. Kxa7 1-0

[Event "*** Titled Tuesday Blitz"]
[Site "Chess.com"]
[Date "2020.05.12"]
[Round "2"]
[White "SameerMujumdar"]
[Black "Alomaterapia"]
[Result "0-1"]
[WhiteElo "2171"]
[BlackElo "2432"]
[TimeControl "180+1"]
[EndTime "10:17:10 PDT"]
[Termination "Alomaterapia won by resignation"]

1. d4 Nf6 2. Nf3 g6 3. Nc3 d5 4. Bg5 Ne4 5. h4 h6 6. Bf4 Bg7 7. e3 Bg4 8. Be2 c5 9. Nxe4 dxe4 10. Ne5 Bxe2 11. Qxe2 O-O 12. O-O-O Nc6 13. Kb1 Qa5 14. Nd7 Rfc8 15. Nxc5 e5 16. Nb3 Qa4 17. dxe5 Nb4 18.
a3 Rxc2 19. Rd2 Qxb3 20. Rxc2 Qa2+ 21. Kc1 Rd8 0-1

[Event "*** Titled Tuesday Blitz"]
[Site "Chess.com"]
[Date "2020.05.12"]
[Round "2"]
[White "Bubachess1608"]
[Black "Tsyhanchuk_Stanislav"]
[Result "1-0"]
[WhiteElo "2313"]
[BlackElo "2558"]
[TimeControl "180+1"]
[EndTime "10:17:11 PDT"]
[Termination "Bubachess1608 won on time"]

1. e4 c5 2. d3 Nc6 3. c3 d6 4. f4 g6 5. Nf3 Bg7 6. g3 e6 7. Bg2 Nge7 8. O-O O-O 9. Be3 Rb8 10.
a4 a6 11. Bf2 b5 12. d4 cxd4 13. axb5 axb5 14. cxd4 Bd7 15. Nbd2 b4 16. Nb3 Qc7 17. Qd2 Rfc8 18. Rfc1 Qb7 19. d5 exd5 20. exd5 Nd8 21. Nfd4 Rxc1+ 22. Rxc1 Rc8 23. Re1 Ba4 24. Na5 Qc7 25. b3 Be8 26. Nac6 Ndxc6 27. dxc6 Nxc6 28. Rc1 Qb7 29. Qc2 Bxd4 30. Bxd4 Bd7 31. Bb2 Qb8 32.
Qd2 Ne7 33. Rxc8+ Bxc8 34. Qd4 1-0

[Event "*** Titled Tuesday Blitz"]
[Site "Chess.com"]
[Date "2020.05.12"]
[Round "2"]
[White "SharapovEvgeny"]
[Black "MikeSailer"]
[Result "1-0"]
[WhiteElo "2378"]
[BlackElo "1999"]
[TimeControl "180+1"]
[EndTime "10:17:11 PDT"]
[Termination "SharapovEvgeny won by resignation"]

1. e4 d5 2. exd5 Qxd5 3. Nc3 Qd6 4. d4 Nf6 5. Nf3 c6 6. Be3 Bg4 7. Qd2 Bxf3 8. gxf3 e6 9. O-O-O Nbd7 10. Ne4 Qb4 11. c3 Qa5 12. Kb1 Be7 13. Rg1 Rg8 14. Bd3 O-O-O 15. Qc2 h6 16. Nd2 Nd5 17. Nc4 Qc7 18. Rg3 N7b6 19. Ne5 Rdf8 20. f4 g6 21. Rdg1 Bh4 22.
Rh3 Nxe3 23. fxe3 Bf6 24. Rxh6 Nd5 25. Qf2 Qb6 26. Ka1 Ne7 27. Rh7 Bg7 28. h4 Bxe5 29. fxe5 Nd5 30. Rxf7 Rxf7 31. Qxf7 Rd8 32. Qxe6+ Kb8 33.
Qxg6 Qa5 34. Rc1 Nxe3 35. h5 Qd5 36. Qe4 Qe6 37. Qxe3 1-0

[Event "*** Titled Tuesday Blitz"]
[Site "Chess.com"]
[Date "2020.05.12"]
[Round "2"]
[White "politeplayer"]
[Black "Malysch"]
[Result "0-1"]
[WhiteElo "2204"]
[BlackElo "2444"]
[TimeControl "180+1"]
[EndTime "10:17:12 PDT"]
[Termination "Malysch won by resignation"]

1. e4 d5 2. d4 dxe4 3. Nc3 Nf6 4. f3 Bf5 5. fxe4 Nxe4 6. Qf3 Nd6 7. Bf4 e6 8. Bxd6 Bxd6 9. Qxb7 Nd7 10. Bb5 O-O 11.
Bxd7 Qxd7 12. Nf3 Rfb8 13. Qa6 Rxb2 14. O-O Rxc2 15. Nb5 Bd3 16. Qb7 Rd8 17. Rfb1 Bf4 18. Rb3 Bc4 19. Rc3 Bd5 20. Qxa7 Rb2 21. Qc5 Rxb5 0-1

[Event "*** Titled Tuesday Blitz"]
[Site "Chess.com"]
[Date "2020.05.12"]
[Round "2"]
[White "Mfcyryd"]
[Black "Harsha_Bharathakoti"]
[Result "1-0"]
[WhiteElo "2550"]
[BlackElo "2815"]
[TimeControl "180+1"]
[EndTime "10:17:13 PDT"]
[Termination "Mfcyryd won by resignation"]

1. e4 c5 2. Nf3 Nc6 3. d4 cxd4 4.
Nxd4 e5 5. Nb5 d6 6. N1c3 a6 7. Na3 Be7 8. Nc4 Nf6 9. Bg5 Nd4 10. Bxf6 Bxf6 11. Ne3 O-O 12. Ncd5 Be6 13. c3 Nc6 14. Be2 Bg5 15. h4 Bh6 16. Bg4 Ne7 17. Nxe7+ Qxe7 18. Bxe6 fxe6 19. Ng4 Rf4 20. Qe2 Rc8 21. g3 Rff8 22.
Nxh6+ gxh6 23. O-O-O Rc6 24. Kb1 Qf6 25. Rd2 Kf7 26.
Rhd1 Ke7 27. Qe3 Qf3 28. Qa7 Qxe4+ 29. Ka1 d5 30. Qxb7+ Kd6 31. Rd3 Rxf2 32. Qb8+ Ke7 33. Qa7+ 1-0

[Event "*** Titled Tuesday Blitz"]
[Site "Chess.com"]
[Date "2020.05.12"]
[Round "2"]
[White "Papa12341234"]
[Black "124chess"]
[Result "0-1"]
[WhiteElo "2524"]
[BlackElo "2805"]
[TimeControl "180+1"]
[EndTime "10:17:13 PDT"]
[Termination "124chess won by checkmate"]

1. e4 d6 2. d4 Nf6 3. Nc3 e5 4. dxe5 dxe5 5. Qxd8+ Kxd8 6. Nf3 Bd6 7. Bg5 Nd7 8. O-O-O a6 9. Kb1 Ke8 10. h4 h6 11. Bc1 b5 12. a4 b4 13. Nd5 Nxe4 14.
Bc4 Nxf2 15. Rhe1 Nxd1 16. Rxd1 Bb7 17. a5 Nf6 18. Nxf6+ gxf6 19. b3 Ke7 20. Be3 Rag8 21. Rd2 Rg3 22. h5 Bxf3 23. gxf3 Rxf3 24. Re2 f5 25. Bxa6 f4 26. Bc1 Rg3 27. Bb7 f3 28. Rf2 Bc5 29. Rxf3 Rxf3 30. Bxf3 f5 31. a6 e4 32. Be2 Bd4 33. Bf4 Rg8 34. c3 bxc3 35. Bxh6 Rg2 36. Bd1 e3 37. Bf3 Rb2+ 38. Kc1 e2 39. Bg5+ Ke6 40. Bh4 Ra2 41. Bb7 e1=Q+ 42. Bxe1 Ra1+ 43. Kc2 Rxe1 44. Kd3 Rd1+ 45. Kc2 Rd2+ 46.
Kc1 Be3 47. h6 Rh2+ 48. Kb1 Rxh6 49. Ka2 Rh2+ 50. Ka3 c2 51. Bc8+ Kd6 52. Bxf5 c1=Q+ 53. Kb4 Qc5+ 54. Ka4 Ra2# 0-1

[Event "*** Titled Tuesday Blitz"]
[Site "Chess.com"]
[Date "2020.05.12"]
[Round "2"]
[White "praveenb2002"]
[Black "igorcadilhac"]
[Result "1-0"]
[WhiteElo "2723"]
[BlackElo "2330"]
[TimeControl "180+1"]
[EndTime "10:17:13 PDT"]
[Termination "praveenb2002 won by resignation"]

1. d4 Nf6 2. c4 e6 3. Nc3 d5 4. Nf3 a6 5. cxd5 exd5 6. Bg5 Be7 7. e3 c6 8. Bd3 O-O 9. O-O Re8 10. Qc2 Nbd7 11. h3 Nf8 12. Rab1 g6 13. Ne5 Ne6 14. Bh6 Bf8 15. Bxf8 Nxf8 16. f4 N6d7 17. Qf2 Qe7 18. Rbe1 f6 19. Nf3 Qg7 20. e4 dxe4 21. Nxe4 Nb6 22. Nxf6+ Qxf6 23. Rxe8 Nd5 24. Ne5 Nc7 25. Ng4 Qg7 26. Re5 Nd7 27. Re2 Nb6 28. Rfe1 Nbd5 29. Bc4 Bxg4 30. hxg4 Kh8 31. Bxd5 cxd5 32. Re7 1-0

[Event "*** Titled Tuesday Blitz"]
[Site "Chess.com"]
[Date "2020.05.12"]
[Round "2"]
[White "dragos420"]
[Black "Grandelicious"]
[Result "0-1"]
[WhiteElo "2505"]
[BlackElo "2754"]
[TimeControl "180+1"]
[EndTime "10:17:16 PDT"]
[Termination "Grandelicious won by resignation"]

1. e4 c5 2. Nf3 e6 3. d4 cxd4 4. Nxd4 a6 5. c4 Nf6 6. Nc3 Qc7 7. Bd3 Nc6 8. Be3 Ne5 9. O-O Neg4 10. Nf3 Nxe3 11.
fxe3 Ng4 12. Qd2 Bc5 13. Rae1 b6 14. a3 Bb7 15. b4 Bd6 16. h3 Nh2 17. Ne2 Nxf1 18.
Rxf1 O-O 19. Ned4 f6 20. Bb1 Be5 21. Qd3 Rad8 22. Rc1 Qd6 23. c5 bxc5 24. bxc5 Qe7 25. Qb3 Ba8 26. Nf5 Qf7 27. Nd6 Bxd6 28. cxd6 Rb8 29.
Qa4 Bc6 30. Qxa6 Qg6 31. Qd3 Rxb1 32. Qxb1 Bxe4 33. Nh4 Bxb1 34. Nxg6 Bxg6 35. Rc7 Rd8 36. a4 Kf7 37. a5 Be4 38. a6 e5 39. a7 Ke6 40.
Rc3 Ra8 0-1

[Event "*** Titled Tuesday Blitz"]
[Site "Chess.com"]
[Date "2020.05.12"]
[Round "2"]
[White "Koalaskakistis"]
[Black "tteshan"]
[Result "1-0"]
[WhiteElo "2450"]
[BlackElo "2218"]
[TimeControl "180+1"]
[EndTime "10:17:16 PDT"]
[Termination "Koalaskakistis won by resignation"]

1. f4 c5 2. Nf3 Nc6 3. g3 g6 4. Bg2 Bg7 5. O-O d5 6. d3 Nf6 7.
Nc3 O-O 8. e4 dxe4 9. dxe4 Bg4 10. h3 Bxf3 11. Qxf3 Nd4 12. Qf2 Qc7 13. Be3 Rfd8 14. e5 Ne8 15. Nd5 Qd7 16. c3 Ne6 17.
Rfd1 Qb5 18. Nxe7+ Kh8 19. Nd5 Rac8 20. Rd2 b6 21. Rad1 h5 22. Ne7 Rxd2 23. Rxd2 Rc7 24. Nd5 Rd7 25. g4 N8c7 26. gxh5 Nxd5 27. Bxd5 gxh5 28.
f5 Nc7 29. c4 Qb4 30. f6 Bf8 31. Qf5 Nxd5 32. Qxh5+ 1-0

[Event "*** Titled Tuesday Blitz"]
[Site "Chess.com"]
[Date "2020.05.12"]
[Round "2"]
[White "Hikaru"]
[Black "RATNAKARAN"]
[Result "1-0"]
[WhiteElo "3245"]
[BlackElo "2582"]
[TimeControl "180+1"]
[EndTime "10:17:17 PDT"]
[Termination "Hikaru won by resignation"]

1. Nf3 Nf6 2. b3 d5 3. Bb2 c6 4.
e3 Bg4 5. d4 Nbd7 6. Nbd2 e6 7.
Bd3 Bd6 8. h3 Bh5 9. c4 O-O 10.
Qc2 Bg6 11. Bxg6 fxg6 12. O-O Rc8 13. e4 dxe4 14. Nxe4 Bb8 15. Neg5 Re8 16. Rfe1 Nf8 17. Rad1 h6 18. Ne4 g5 19. Nxf6+ gxf6 20. Qb1 Qc7 21. d5 e5 22. d6 Qf7 23. c5 Rcd8 24. b4 Re6 25. Nd2 f5 26. Rxe5 b6 27. Rxf5 Qg6 28. Nf3 Nd7 29. Qd3 bxc5 30. bxc5 a5 31. Qd4 Kh7 32.
g4 Ba7 33. Ne5 Bxc5 34. Nxg6 Bxd4 35. Rxd4 Kxg6 36. Rxa5 c5 37. Rd2 c4 38. Kg2 Nb6 39. Ra7 Rd7 40. Rxd7 Nxd7 41. a4 Kf7 42. a5 Re8 43.
Bc3 Ra8 44. Re2 Re8 45. Rxe8 Kxe8 46. a6 1-0